AoeStats
← 812

Nomad

506711214Analyzed
4v4 RM · 17d ago on Sep 14, 2026· 37m 32s· 8 players
Game mode
Random Map
Map size
231×231
Population
200
Speed
Normal
Resources
Standard
Victory
Conquest
Starting age
Dark Age
Ending age
Imperial Age
RankedLock teamsTeams togetherTeam positionsShared explorationLock speedFull tech treeHidden civsTurbo modeCheats
Victory
Defeat
🇨🇳 Vietnamese · China
986
+16
🇦🇷 Persians · Argentina
963
+17
🇫🇷 Franks · France
950
+18
🇹🇷 Vietnamese · Türkiye
943
+18
🇹🇷 Britons · Türkiye
1100
-21
968
-16
🇹🇷 Magyars · Türkiye
951
-16
🇫🇷 Inca · France
950
-16
hold up
5:22 Loom
18:51 Feudal Age
25:59 Castle Age
27:12 Fletching
galipozdemir
18:49 Feudal Age
19:21 Fishing Lines
19:10 Man-at-Arms
19:35 Arson
20:36 Wheelbarrow
20:52 Forging
20:43 Scale Mail Armor
24:15 Scale Mail Armor
29:47 Castle Age
27:49 Stone Mining
27:56 Gold Mining
28:29 Scale Barding Armor
29:07 Bloodlines
29:06 Double-Bit Axe
29:05 Horse Collar
30:40 Husbandry
32:08 Bow Saw
32:18 Hand Cart
35:13 Chain Barding Armor
35:09 Chain Mail Armor
36:10 Stone Shaft Mining
SC'Ven
6:47 Loom
14:14 Feudal Age
18:01 Double-Bit Axe
22:34 Castle Age
24:34 Scale Barding Armor
24:41 Forging
25:59 Chain Barding Armor
28:26 Iron Casting
32:01 Wheelbarrow
33:51 Husbandry
34:28 Gold Mining
34:28 Stone Mining
39:37 Imperial Age
812
6:19 Loom
14:58 Feudal Age
15:43 Man-at-Arms
16:51 Town Watch
17:30 Fishing Lines
19:13 Horse Collar
19:23 Double-Bit Axe
19:31 Gold Mining
22:10 Stone Mining
25:04 Castle Age
23:53 Bloodlines
23:36 Fletching
23:52 Scale Barding Armor
24:27 Forging
25:37 Heavy Plow
26:00 Bow Saw
26:44 Chain Barding Armor
26:29 Husbandry
26:53 Gillnets
27:44 Bodkin Arrow
29:06 Gold Shaft Mining
30:04 Stone Shaft Mining
35:15 Imperial Age
35:41 Wheelbarrow
36:21 Murder Holes
38:14 Crop Rotation
Wollof_08 / German Mum
10:32 Loom
15:36 Feudal Age
15:40 Stone Mining
15:36 Fishing Lines
16:59 Double-Bit Axe
17:59 Stone Shaft Mining
19:04 Gillnets
20:14 Fletching
25:57 Castle Age
24:40 Gold Mining
27:28 Murder Holes
27:58 Burgundian Vineyards
29:54 Wheelbarrow
33:31 Hand Cart
33:47 Treadmill Crane
37:16 Town Watch
King of Negev
8:30 Loom
18:19 Feudal Age
25:04 Castle Age
29:49 Pikeman
34:17 Double-Bit Axe
winter is coming
4:12 Loom
14:47 Feudal Age
15:36 Double-Bit Axe
20:49 Castle Age
19:15 Horse Collar
19:46 Fletching
20:43 Wheelbarrow
21:37 Crossbowman
24:13 Bow Saw
28:14 Heavy Plow
29:20 Fletching
29:36 Padded Archer Armor
31:03 Leather Archer Armor
31:28 Bodkin Arrow
35:13 Ballistics
enzomunarifiete
14:33 Feudal Age
15:18 Champi Runner
21:27 Castle Age
19:51 Double-Bit Axe
21:21 Arson
Connection lost

Rejoining the realm…

Still unreachable

The connection could not be restored.

Session expired

The server has moved on; the page needs a fresh start.